[Event "FIDE CB Open 2022"]
[Site "Ceske Budejovice"]
[Date "2022.07.08"]
[Round "8.21"]
[White "Placer, Sebastian"]
[Black "Hurtik, Matej"]
[Result "1-0"]
[ECO "B32"]
[WhiteElo "2062"]
[BlackElo "2018"]
[Annotator "NA"]
[PlyCount "73"]
[EventDate "2022.07.01"]
[EventType "swiss"]
[EventCountry "CZE"]
[SourceTitle "playchess.com"]
[Source "ChessBase"]
[SourceQuality "1"]
[TimeControl "40/5400+30:1800+30"]

1. e4 c5 2. Nf3 Nc6 3. d4 cxd4 4. Nxd4 e5 5. Nb5 a6 6. Nd6+ Bxd6 7. Qxd6 Qf6 8. Qd1 Nge7 9. Nc3 Qg6 10. Be3 d5 11. Nxd5 Nxd5 12. Qxd5 O-O 13. f3 Rd8 14. Qb3 b5 15. c3 Be6 16. Qc2 Rac8 17. Qf2 b4 18. Bxa6 Ra8 19. Bb7 Rxa2 20. O-O Rxa1 21. Rxa1 Bb3 22. Bb6 Re8 23. Qc5 Nd8 24. Qxb4 Be6 25. Bxd8 Rxd8 26. Ra8 Qg5 27. Rxd8+ Qxd8 28. Bd5 h5 29. Bxe6 Qd1+ 30. Kf2 Qd2+ 31. Kg3 Qf4+ 32. Kh3 g5 33. Qb8+ Kg7 34. g3 g4+ 35. fxg4 hxg4+ 36. Kh4 fxe6 37. gxf4 1-0

[Event "FIDE CB Open 2022"]
[Site "Ceske Budejovice"]
[Date "2022.07.08"]
[Round "8.22"]
[White "Simek, Petr"]
[Black "Saravanan Durga"]
[Result "1-0"]
[ECO "E01"]
[WhiteElo "2348"]
[BlackElo "1908"]
[Annotator "RC"]
[PlyCount "179"]
[EventDate "2022.07.01"]
[EventType "swiss"]
[EventCountry "CZE"]
[SourceTitle "playchess.com"]
[Source "ChessBase"]
[SourceQuality "1"]
[TimeControl "40/5400+30:1800+30"]

1. d4 Nf6 2. c4 e6 3. Nf3 d5 4. g3 Bb4+ 5. Bd2 Bd6 6. Nc3 O-O 7. Bg2 dxc4 8. e4 Be7 9. Qe2 a6 10. a4 c5 11. dxc5 Bxc5 12. Qxc4 Qb6 13. O-O Ng4 14. Qe2 Nc6 15. a5 Nxa5 16. Na4 Bxf2+ 17. Rxf2 Qxf2+ 18. Qxf2 Nxf2 19. Kxf2 Nb3 20. Nb6 Nxa1 21. Nxa8 b5 22. Nb6 Bb7 23. Ne5 Rd8 24. Bc3 Nb3 25. Ke3 Rd6 26. Ned7 Bc6 27. e5 Rxd7 28. Bxc6 Rc7 29. Be4 a5 30. Ke2 b4 31. Be1 Rc5 32. Nd7 Rc4 33. Ke3 Rc1 34. Ke2 Rc4 35. Ke3 Rc1 36. Kf2 Nc5 37. Nxc5 Rxc5 38. Ke3 Rxe5 39. Kd4 Rh5 40. h4 Rb5 41. b3 h6 42. g4 f6 43. Bg3 e5+ 44. Kc4 Rb8 45. Bf2 Kf7 46. h5 Ke6 47. Ba7 Rc8+ 48. Bc5 Rb8 49. Bf5+ Kf7 50. Bd6 Ra8 51. Kb5 Rd8 52. Bc5 Ra8 53. Bb6 Ke7 54. Bxa5 Kd6 55. Be4 Rb8+ 56. Kc4 Rc8+ 57. Kxb4 Rc1 58. Kb5 Rg1 59. Bb4+ Ke6 60. Bf5+ Kd5 61. Bf8 e4 62. Bxg7 e3 63. Bxh6 e2 64. Bd2 e1=Q 65. Bxe1 Rxe1 66. h6 Re8 67. h7 Rh8 68. Kb6 Kd6 69. Kb7 Rf8 70. b4 Rf7+ 71. Kb6 Rf8 72. b5 Rh8 73. Kb7 Rf8 74. b6 Re8 75. Bg6 Rh8 76. Ka7 Kd7 77. Bf5+ Kc6 78. b7 Kc7 79. Bc8 Kc6 80. b8=Q Rxh7+ 81. Bb7+ Kc5 82. Qf8+ Kb5 83. Qxf6 Rc7 84. Qb6+ Ka4 85. Qxc7 Ka3 86. Qb6 Ka2 87. Be4 Ka3 88. Bc2 Ka2 89. Qb3+ Ka1 90. Qb1# 1-0

[Event "FIDE CB Open 2022"]
[Site "Ceske Budejovice"]
[Date "2022.07.08"]
[Round "8.23"]
[White "Ondrejat, Miroslav"]
[Black "Bartos, Jan"]
[Result "*"]
[ECO "E94"]
[WhiteElo "1903"]
[BlackElo "2142"]
[Annotator "NA RC"]
[PlyCount "60"]
[EventDate "2022.07.01"]
[EventType "swiss"]
[EventCountry "CZE"]
[SourceTitle "playchess.com"]
[Source "ChessBase"]
[SourceQuality "1"]
[TimeControl "40/5400+30:1800+30"]

1. e4 g6 2. d4 Bg7 3. Nf3 d6 4. c4 Nf6 5. Nc3 O-O 6. Be2 Nbd7 7. O-O e5 8. d5 Nc5 9. Qc2 a5 10. Ne1 Ne8 11. Nd3 b6 12. f3 f5 13. Nf2 f4 14. Bd2 g5 15. b3 h5 16. a3 Nf6 17. h3 Rf7 18. b4 Nb7 19. Na4 Bf8 20. c5 dxc5 21. bxc5 Nxc5 22. d6 Bxd6 23. Nxc5 Bxc5 24. Bc4 g4 25. Bxf7+ Kxf7 26. Bxf4 exf4 27. e5 gxh3 28. Qc4+ Nd5 29. Rfd1 Qg5 30. Qxd5+ Be6 *